 Dungeon Crawl Stone Soup version 0.14-a0-1613-gd720e3e (webtiles) character file.

217 PolkaDot the Caller (level 4, -2/30 HPs)
             Began as a Vampire Summoner on Dec 24, 2013.
             Killed from afar by an orc wizard (8 damage)
             ... with a magic dart
             ... on Level 3 of the Dungeon.
             The game lasted 00:10:01 (2341 turns).

PolkaDot the Caller (Vampire Summoner)              Turns: 2341, Time: 00:10:01

HP  -2/30        AC  2     Str  7      XL: 4   Next: 27%
MP   6/7         EV 12     Int 18      God:
Gold 131         SH  0     Dex 14      Spells:  3 memorised,  1 level left

rFire  . . .     SeeInvis +     a - -1,+2 orc dagger (venom)
rCold  . . .     Clarity  .     c - +0 robe
rNeg   . . .     Conserve .     (no shield)
rPois  .         rCorr    .     (no helmet)
rElec  .         rRot     .     (no cloak)
SustAb . .       Spirit   .     (no gloves)
rMut   .         Warding  .     (no boots)
Saprov . . .     Stasis   .     f - amulet of rage
                                (no ring)
                                (no ring)

@: regenerating quickly, slightly resistant to hostile enchantments, stealthy
A: fangs 3, see invisible, unbreathing
a: Evoke Berserk Rage


You were on level 3 of the Dungeon.
You were full.

You visited 1 branch of the dungeon, and saw 3 of its levels.

You collected 131 gold pieces.

Inventory:

Hand weapons
 a - a -1,+2 orcish dagger of venom (weapon)
 b - a +0,+1 sling of flame
 p - a +0,+0 short sword of flaming
Missiles
 m - 11 stones (quivered)
Armour
 c - a +0 robe (worn)
Scrolls
 e - 3 scrolls of random uselessness {unknown}
 g - 2 scrolls of remove curse {unknown}
 j - 2 scrolls of enchant weapon II {unknown}
 k - a scroll of amnesia {unknown}
Jewellery
 f - an amulet of rage (around neck)
Potions
 d - a potion of magic
 l - a potion of brilliance {unknown}
 n - a potion of lignification {unknown}
 o - a potion of might {unknown}
Books
 i - a book of Callings

   Spells                             Type                      Level
   *Summon Small Mammal               Summoning                    1
   *Call Imp                          Summoning                    2
   *Call Canine Familiar              Summoning                    3
   Summon Scorpions                   Summoning/Poison             4
   Summon Ice Beast                   Ice/Summoning                4


   Skills:
 * Level 3.4 Short Blades
 - Level 2.1 Dodging
 - Level 3.0 Stealth
 - Level 2.0 Spellcasting
 + Level 4.6 Summonings


You had one spell level left.
You knew the following spells:

 Your Spells              Type           Power        Failure   Level  Hunger
a - Summon Small Mammal   Summ           ###.         2%          1    #......
d - Call Canine Familiar  Summ           ###.......   10%         3    ####...
s - Call Imp              Summ           ###.......   4%          2    ##.....


Dungeon Overview and Level Annotations

Branches:
Dungeon (3/16)

Altars:


Innate Abilities, Weirdness & Mutations

Your natural rate of healing is unusually fast.
You have razor-sharp teeth.*
You have supernaturally acute eyesight.
You can survive without breathing.*


Message History

Things that are here:
an orcish hand axe; an orc corpse Your hound barely misses the orc priest.
Your crimson imp hits the orc priest.
The orc priest dies!
Your rat closely misses the orc wizard.
Your hound barely misses the orc wizard.
What do you say? t - Shout!
Orders for allies: a - Attack new target. r - Retreat! s - Stop attacking. w - Wait here. f - Follow me.
Anything else - Stay silent.
Gang up on whom?
Press: ? - help, Dir - move target cursor, f - orc wizard
Aim: an orc wizard, wielding an orcish dagger and wearing an orcish robe (moving very quickly) Attack!
The orc wizard points at you and mumbles some strange words.
The magic dart hits you!
You die...

########### #)<.......#
#######.#######.## .....##)#
#..# .###.#..# ##.# .#
#..#.########@###
.###.#...5......)..#
.....##..........#.#
##.####.####.##.r..#########
#.# #.# #..##.ho...)......
#.# #.# #..##.r..########.
#.####.###..[..5#.#######
#)......#...............##
#..#.......##.#...........


You could see an orc wizard, a friendly hound, 2 friendly crimson imps, a
friendly grey rat and a friendly rat.

Vanquished Creatures
  2 adders (D:2)
  A giant mite (D:1)
  A grey rat (D:2)
  2 giant geckos (D:2)
  An ooze (D:3)
  2 orcs (D:3)
  A ball python (D:3)
  A giant cockroach (D:1)
  2 hobgoblins
  5 kobolds
  A bat (D:1)
  5 giant newts
  6 goblins
  2 jackals (D:2)
  12 rats
44 creatures vanquished.

Vanquished Creatures (collateral kills)
  An orc priest (D:3)
  A hobgoblin (D:2)
  2 jackals (D:2)
4 creatures vanquished.

Grand Total: 48 creatures vanquished

Notes
Turn   | Place    | Note
--------------------------------------------------------------
     0 | D:1      | PolkaDot, the Vampire Summoner, began the quest for the Orb.
     0 | D:1      | Reached XP level 1. HP: 13/13 MP: 3/3
     0 | D:1      | Noticed an ice dragon
     0 | D:1      | Noticed an ice dragon
     0 | D:1      | Noticed a large abomination
     3 | D:1      | Noticed a tentacled monstrosity
     3 | D:1      | Noticed an ice dragon
     7 | D:1      | Noticed an iron dragon
    10 | D:1      | Noticed an ice dragon
    12 | D:1      | Noticed a tentacled monstrosity
    13 | D:1      | Noticed an iron dragon
    14 | D:1      | Noticed an iron dragon
    14 | D:1      | Noticed a large abomination
    16 | D:1      | Noticed a tentacled monstrosity
    16 | D:1      | Noticed an iron dragon
    18 | D:1      | Noticed a purple draconian
    18 | D:1      | Noticed a tentacled monstrosity
    19 | D:1      | Noticed a shadow dragon
   436 | D:1      | Reached skill level 1 in Short Blades
   436 | D:1      | Reached XP level 2. HP: 8/19 MP: 2/4
  1309 | D:2      | Reached XP level 3. HP: 20/24 MP: 6/6
  1697 | D:2      | Learned a level 2 spell: Call Imp
  2131 | D:3      | Reached XP level 4. HP: 26/30 MP: 7/7
  2305 | D:3      | Learned a level 3 spell: Call Canine Familiar
  2341 | D:3      | Killed from afar by an orc wizard

Action                   |  1- 3 |  4- 6 || total
-------------------------+-------+-------++-------
Melee: Dagger            |   125 |     9 ||   134
       Unarmed           |     1 |       ||     1
 Cast: Summon Small Mamm |     9 |     4 ||    13
       Call Imp          |     4 |     2 ||     6
       Call Canine Famil |       |     1 ||     1
  Use: Potion            |     1 |     3 ||     4
 Stab: Sleeping          |     7 |       ||     7
